 Dungeon Crawl Stone Soup version 0.28-a0-973-ga7f8b01127 (webtiles) character file.

Game seed: 4804720664501208789

39 ders the Digger (level 3, 0/19 HPs)
             Began as a Gargoyle Earth Elementalist on Dec 1, 2021.
             Slain by Robin (3 damage)
             ... on level 1 of the Dungeon.
             The game lasted 00:01:33 (1614 turns).

ders the Digger (Gargoyle Earth Elementalist)       Turns: 1614, Time: 00:01:34

Health: 0/19       AC:  5    Str: 11    XL:     3   Next: 45%
Magic:  1/6        EV: 11    Int: 17    God:
Gold:   28         SH:  0    Dex: 10    Spells: 3/7 levels left

rFire   . . .      SeeInvis .   i - +0 dagger
rCold   . . .      Faith    .   (no shield)
rNeg    + . .      Spirit   .   b - +0 robe
rPois   ∞          Reflect  .   (no helmet)
rElec   +          Harm     .   (no cloak)
rCorr   .          Rampage  .   (no gloves)
Will    .....                   (no boots)
Stlth   ++........              (no amulet)
HPRegen 0.06/turn               (no ring)
MPRegen 0.10/turn               (no ring)

@: no status effects
A: sickness immunity, AC +3, negative energy resistance 1, electricity
resistance, torment resistance 1, petrification resistance
a: no special abilities


You were on level 1 of the Dungeon.
You visited 1 branch of the dungeon, and saw 2 of its levels.

You collected 28 gold pieces.

Inventory:

Hand Weapons
 i - a +0 dagger (weapon)
Missiles
 c - 28 stones
Armour
 b - a +0 robe (worn)
 e - a +0 buckler
Scrolls
 a - 2 scrolls of identify {unknown}
 d - a scroll of vulnerability {unknown}
 f - a scroll of brand weapon {unknown}
Potions
 g - a potion of attraction {unknown}


   Skills:
 - Level 1.5 Dodging
 - Level 2.1 Stealth
 + Level 2.5 Spellcasting
 + Level 1.6 Conjurations
 - Level 0.7 Transmutations
 + Level 4.3 Earth Magic


You had 3 spell levels left.
You knew the following spells:

 Your Spells              Type           Power      Damage    Failure   Level
a - Sandblast             Erth           32%        2d9       3%          1
b - Stone Arrow           Conj/Erth      24%        3d8       16%         3

Your spell library contained the following spells:

 Spells                   Type           Power      Damage    Failure   Level
 Passwall                 Tmut/Erth      8%         N/A       10%         2
 Petrify                  Tmut/Erth      10%        N/A       54%         4


Dungeon Overview and Level Annotations

Branches:
Dungeon (2/15)

Altars:

Annotations:
D:1 Robin
D:2 Jessica


Innate Abilities, Weirdness & Mutations

You are immune to sickness and miasma.
Your stone body is resilient. (AC +3)
You are immune to poison.
You resist negative energy. (rN+)
You are resistant to electric shocks. (rElec)
You are resistant to unholy torment.
You are immune to petrification.


Message History

Aiming: Stone Arrow (extremely dangerous; 16% risk of failure)
Press: ? - help, Shift-Dir - straight line, f/p - Robin
Aim: Robin, wielding a +2 short sword of venom, wearing a +0 animal skin, wearing a +0 helmet and carrying a wand of digging (2) (77% to hit)
The stone arrow hits Robin!
Robin is heavily wounded.
The goblin hits you but does no damage.
The hobgoblin hits you but does no damage.
Robin hits you with a +2 short sword of venom.
Casting: Stone Arrow (extremely dangerous; 16% risk of failure)
Confirm with . or Enter, or press ? or * to list all spells.
You don't have enough magic to cast this spell.
Unknown command.
Casting: Stone Arrow (extremely dangerous; 16% risk of failure)
Confirm with . or Enter, or press ? or * to list all spells.
Aiming: Sandblast (safe; 3% risk of failure)
Press: ? - help, Shift-Dir - straight line, f/p - Robin
Aim: Robin, wielding a +2 short sword of venom, wearing a +0 animal skin, wearing a +0 helmet and carrying a wand of digging (2) (heavily wounded, 85% to hit)
The blast of sand hits Robin.
Robin is almost dead.
The goblin hits you but does no damage. The hobgoblin closely misses you.
Robin hits you with a +2 short sword of venom.
Unknown command.
Casting: Sandblast (safe; 3% risk of failure)
Confirm with . or Enter, or press ? or * to list all spells.
You don't have enough magic to cast this spell.
You barely miss Robin.
Robin is almost dead.
The goblin hits you but does no damage. The hobgoblin barely misses you.
Robin drinks a potion.
Robin is healed!
You hit Robin.
Robin is moderately wounded.
The goblin hits you with a +0 club.
* * * LOW HITPOINT WARNING * * *
The hobgoblin hits you but does no damage.
Robin throws the goblin at you!
You feel better. The goblin hits you with a +0 club.
* * * LOW HITPOINT WARNING * * *
The hobgoblin barely misses you. Robin closely misses you.
Robin hits you with a +2 short sword of venom.
You die...

###...#........###....##
#...#.######.##......#
##....# #...)...... #....#
#..######## #....######.#####
#...............#
########....##########.#
#.....[#....##### #.#
######.######..#@g...######.#
.........# #..#gg...'...(#.#
.........# #..#.....####.#.#
.........# #..#.....# #.#.#
♣♣♣......####..#.....# #.#.#
≈≈≈≈...........#.....# #.#.#
≈≈≈P≈♣♣♣..####.#.....# #.#.#
≈≈≈≈≈≈P♣≈≈# #.#.....# #.#.##
≈≈≈≈≈≈≈≈≈≈♣#
#.#.....####.#..#


You could see Robin, a hobgoblin (strong) and a goblin (strong).

Vanquished Creatures
  5 ball pythons (D:1)
  A bat (D:1)
  3 endoplasms (D:1)
  2 giant cockroaches (D:1)
  12 goblins
  2 hobgoblins (D:1)
  3 quokkas (D:1)
  2 frilled lizards (D:1)
  A kobold (D:1)
31 creatures vanquished.

Vanquished Creatures (others)
  2 plants (D:1)
2 creatures vanquished.

Grand Total: 33 creatures vanquished

Notes
Turn   | Place    | Note
-------+----------+-------------------------------------------
     0 | D:1      | ders the Gargoyle Earth Elementalist began the quest for
                  | the Orb.
     0 | D:1      | Reached XP level 1. HP: 10/10 MP: 3/3
   188 | D:1      | Reached XP level 2. HP: 13/15 MP: 3/5
   197 | D:1      | Reached skill level 1 in Conjurations
   379 | D:1      | Reached skill level 4 in Earth Magic
   820 | D:1      | Reached XP level 3. HP: 19/19 MP: 3/6
  1387 | D:2      | Noticed Robin
  1391 | D:2      | Noticed Jessica
  1587 | D:1      | Learned a level 3 spell: Stone Arrow
  1614 | D:1      | Slain by Robin

Illustrated notes

Levels and vault maps discovered:
D:1:      minmay_arrival_stair_chambers, layout_basic, serial_bayou,
          serial_bayou_pond_b, serial_bayou_crossing, serial_bayou_pond_c,
          serial_bayou_ford_a, minivault_19, amcnicky_mini_corridor_feature
D:2:      wad_lake_hut, layout_basic, uniq_robin, uniq_jessica, uniq_terence

Skill      XL: |  1  2 |
---------------+-------+-----
Conjurations   | 1 |  1.6
Earth Magic    | 4 |  4.3
Dodging        | |  1.5
Stealth        | |  2.1
Spellcasting   | |  2.5
Transmutations | |  0.7

Action                   || total
-------------------------++-------
Melee: Unarmed           ||     2
       Dagger            ||     3
 Cast: Sandblast         ||    41
       Stone Arrow       ||     1
  Use: Potion            ||     1
Armor: Robe              ||    13
Dodge: Dodged            ||    17

Table legend: (Time is in decaauts)
 A = Elapsed time spent in this place.
 B = Non-inter-level travel time spent in this place.
 C = Inter-level travel time spent in this place.
 D = Time resting spent in this place.
 E = Time spent auto-exploring this place.
 F = Levels seen in this place.
 G = Mean time per level.
                   A        B        C        D        E       F      G
               +--------+--------+--------+--------+--------+-----+--------+
         Total |   1647 |   1548 |     99 |    217 |   1155 |   2 |  823.5 |
       Dungeon |   1647 |   1548 |     99 |    217 |   1155 |   2 |  823.5 |
               +--------+--------+--------+--------+--------+-----+--------+

Top non-repeatable levels by time:
     D:1: 1631 daAuts
     D:2: 16 daAuts
